 Dungeon Crawl Stone Soup version 0.19.5 (webtiles) character file.

149 Gargoyl the Skirmisher (level 5, -1/46 HPs)
             Began as a Ghoul Abyssal Knight on Mar 24, 2017.
             Was a Follower of Lugonu.
             Slain by an orc
             ... wielding a +0 flail
              (3 damage)
             ... on level 3 of the Dungeon.
             The game lasted 00:05:38 (3026 turns).

Gargoyl the Skirmisher (Ghoul Abyssal Knight)       Turns: 3026, Time: 00:05:40

Health: -1/46      AC:  4    Str: 16    XL:     5   Next: 31%
Magic:  6/6        EV: 10    Int:  7    God:    Lugonu [*.....]
Gold:   103        SH:  2    Dex:  9    Spells: 0 memorised, 4 levels left

rFire  . . .     SeeInvis .     a - +2 hand axe
rCold  + . .     Gourm    .     b - +0 leather armour
rNeg   + + +     Faith    .     l - +0 buckler
rPois  ∞         Spirit   .     (no helmet)
rElec  .         Reflect  .     (no cloak)
rCorr  .         Harm     .     e - +0 pair of gloves
MR     .....                    (no boots)
Stlth  +.........               (no amulet)
                                (no ring)
                                (no ring)

@: rotting
A: rotting body, claws 1, carnivore 3, cold resistance 1, negative energy
resistance 3, slow regeneration 1, torment resistance, unbreathing
a: Depart the Abyss, Renounce Religion


You were on level 3 of the Dungeon.
You worshipped Lugonu.
Lugonu was aware of your devotion.
You were not hungry.

You visited 1 branch of the dungeon, and saw 3 of its levels.
You visited the Abyss 1 time.

You collected 103 gold pieces.

Inventory:

Hand Weapons
 a - a +2 hand axe (weapon)
Armour
 b - a +0 leather armour (worn)
 e - a +0 pair of gloves (worn)
 l - a +0 buckler (worn)
Scrolls
 d - 2 scrolls of remove curse
 k - 2 scrolls of amnesia
 m - a scroll of identify {unknown}
Potions
 f - a potion of curing
 i - a potion of lignification
Comestibles
 c - 3 meat rations
 g - 2 chunks of flesh


   Skills:
 + Level 3.8 Fighting
 + Level 3.0 Axes
 * Level 2.8 Armour
 + Level 1.3 Dodging
 * Level 3.2 Invocations


You had 4 spell levels left.
You didn't know any spells.

Dungeon Overview and Level Annotations

Branches:
Dungeon (3/15)

Altars:
Okawaru


Innate Abilities, Weirdness & Mutations

Your body is rotting away.
You thrive on raw meat.
You are immune to poison.
You have sharp fingernails.
You are carnivorous and can eat meat at any time.
Your flesh is cold resistant. (rC+)
You are immune to negative energy. (rN+++)
You regenerate slowly when monsters are visible.
You are immune to unholy pain and torment.
You can survive without breathing.


Message History

Unknown command.
You closely miss the orc.
The goblin shouts!
You hit the orc.
You kill the orc!
Lugonu accepts your kill.
You barely miss something. Something hits you.
* * * LOW HITPOINT WARNING * * *
You hear some strange, mumbled words.
A magic dart appears from out of thin air!
The magic dart hits you!
* * * LOW HITPOINT WARNING * * *
The orc closely misses you.
You hit the orc.
The orc is heavily wounded.
You miss something. You hit the goblin.
You kill the goblin!
Lugonu accepts your kill. Something hits you but does no damage.
The orc hits you with a flail.
You die...

..### #. ..%. ..
g..####.# .......
..... ###.##.<. ....
#.!....o#### .....
.....##@)..##(....
......#(........#
........###.#...#
.....$....#.(...#
#######.........#
..............#
#########.##..####
..###.....)......<)..#
.....[..##########...#


You could see an orc and a goblin.

Vanquished Creatures
  3 gnolls
  4 adders (D:2)
  An ooze (D:1)
  2 worms (D:2)
  5 dart slugs
  3 leopard geckos
  4 orcs
  3 bats
  4 giant cockroaches
  6 goblins
  5 hobgoblins
  5 jackals
  2 kobolds
  A quokka (D:2)
  3 frilled lizards
  6 rats
57 creatures vanquished.

Notes
Turn   | Place    | Note
-------+----------+-------------------------------------------
     0 | Abyss:1  | Gargoyl the Ghoul Abyssal Knight began the quest for the Orb.
     0 | Abyss:1  | Reached XP level 1. HP: 19/19 MP: 1/1
   105 | Abyss:1  | Noticed a large abomination
   120 | Abyss:2  | Noticed a thrashing horror
   124 | Abyss:2  | Noticed a smoke demon
   126 | D:1      | Escaped the Abyss
   435 | D:1      | Noticed a lindwurm
   435 | D:1      | Noticed a salamander
   435 | D:1      | Noticed a wolf
   464 | D:1      | Reached XP level 2. HP: 22/26 MP: 2/2
   929 | D:1      | Reached skill level 1 in Dodging
   929 | D:1      | Reached XP level 3. HP: 25/31 MP: 3/3
  1252 | D:1      | Reached * piety under Lugonu
  1351 | D:2      | Found an iron altar of Okawaru.
  1431 | D:2      | Reached XP level 4. HP: 37/40 MP: 4/4
  2641 | D:2      | Reached XP level 5. HP: 36/46 MP: 6/6
  3025 | D:3      | HP: 2/46 [something/magic dart (3)]
  3026 | D:3      | Slain by an orc

Skill      XL: |  1  2  3  4  5 |
---------------+----------------+-----
Armour         | 2 |  2.8
Axes           | 2 3 |  3.0
Dodging        | 1 |  1.3
Invocations    | 3 |  3.2
Fighting       | |  3.8

Action                   |  1- 3 |  4- 6 || total
-------------------------+-------+-------++-------
Melee: Hand axe          |   108 |   103 ||   211
Invok: Depart the Abyss  |     1 |       ||     1
  Use: Scroll            |     4 |     2 ||     6
       Potion            |       |     3 ||     3
  Eat: Chunk             |    25 |    17 ||    42
Armor: Leather armour    |    47 |    34 ||    81
Dodge: Dodged            |   102 |    62 ||   164
Block: Buckler           |     6 |    13 ||    19
